 Dungeon Crawl Stone Soup version 0.29-a0-817-g9904bce7a6 (webtiles) character file.

Game seed: 7151845203807485652

372 nicolae the Changer (level 6, -1/38 HPs)
             Began as an Octopode Transmuter on July 5, 2022.
             Slain by a gnoll
             ... wielding a +0 whip
              (5 damage)
             ... on level 4 of the Dungeon.
             The game lasted 00:06:37 (4577 turns).

nicolae the Changer (Octopode Transmuter)           Turns: 4577, Time: 00:06:37

Health: -1/38      AC:  1    Str:  9    XL:     6   Next: 71%
Magic:  7/9        EV: 13    Int: 17    God:
Gold:   167        SH:  0    Dex: 13    Spells: 3/9 levels left

rFire   + . .      SeeInvis .     - Unarmed
rCold   . . .      Faith    .   (no shield)
rNeg    . . .      Spirit   .   (helmet restricted)
rPois   .          Reflect  .   (no amulet)
rElec   .          Harm     .   p - ring of protection from fire
rCorr   +          Rampage  .   i - ring of resist corrosion
Will    .....                   (no ring)
Stlth   ++........              (no ring)
HPRegen 0.12/turn               (no ring)
MPRegen 0.11/turn               (no ring)
                                (no ring)
                                (no ring)

@: wereblooded
A: almost no armour, amphibious, 8 rings, camouflage 1, gelatinous body 1,
(nimble swimmer 1), tentacles
a: no special abilities


You were on level 4 of the Dungeon.
You visited 1 branch of the dungeon, and saw 4 of its levels.

You collected 167 gold pieces.

Inventory:

Missiles
 o - 3 poisoned darts
Jewellery
 i - a ring of resist corrosion (right tentacle)
 p - a ring of protection from fire (left tentacle)
Scrolls
 b - a scroll of immolation {unknown}
 c - a scroll of poison {unknown}
 d - a scroll of acquirement {unknown}
 g - a scroll of blinking
 j - a scroll of magic mapping {unknown}
 l - a scroll of torment {unknown}
 m - a scroll of enchant armour {unknown}
 r - a scroll of noise {unknown}
Potions
 a - 2 potions of lignification
 e - a potion of curing
 f - a potion of berserk rage
 h - a potion of flight
 k - a potion of attraction {unknown}
 n - a potion of invisibility {unknown}
 q - a potion of mutation {unknown}


   Skills:
 - Level 1.0 Fighting
 - Level 2.0 Dodging
 + Level 3.5 Unarmed Combat
 - Level 2.0 Spellcasting
 - Level 5.0 Transmutations
 - Level 5.0 Poison Magic


You had 3 spell levels left.
You knew the following spells:

 Your Spells              Type           Power      Damage    Failure   Level
a - Beastly Appendage     Tmut           36%        N/A       2%          1
b - Wereblood             Tmut           18%        N/A       3%          2
c - Spider Form           Tmut/Pois      18%        N/A       8%          3

Your spell library contained the following spells:

 Spells                   Type           Power      Damage    Failure   Level
 Ice Form                 Ice/Tmut       10%        N/A       56%         4


Dungeon Overview and Level Annotations

Branches:
Dungeon (4/15)
 Temple: D:4-7

Altars:

Annotations:
D:4 2 transporters, Edmund; purpskrrrp's ghost, amateur DEWn


Innate Abilities, Weirdness & Mutations

You cannot wear most types of armour.
You are amphibious.
You can wear up to eight rings at the same time.
Your skin changes colour to match your surroundings (Stealth+).
Your rubbery body absorbs attacks. (AC +1, EV +1)
((You are camouflaged when in or above water. (Stealth+)))
You have tentacles for arms and can constrict up to eight enemies at once.


Message History

You kill the gnoll!
You see here a +0 club.
There is a stone staircase leading down here.
Really walk into that dispersal trap?
You enter a dispersal trap!
You blink.
Your transformation is almost over.
A gnoll comes into view. It is wielding a +0 whip.
The gnoll shouts!
The gnoll shouts!
You tentacle-slap the gnoll but do no damage.
You grab the gnoll.
You constrict the gnoll, but do no damage.
The gnoll hits you with a +0 whip.
Casting: Beastly Appendage (safe; 2% risk of failure)
Confirm with . or Enter, or press ? or * to list all spells.
Your blood is infused with primal strength.
You constrict the gnoll.
The gnoll struggles to escape constriction.
You tentacle-slap the gnoll.
You pierce the gnoll.
The gnoll is severely wounded.
You constrict the gnoll.
The gnoll escapes!
The gnoll misses you. The gnoll hits you with a +0 whip.
You closely miss the gnoll. You grab the gnoll.
You pierce the gnoll.
The gnoll is moderately wounded.
Your tentacle spike disappears.
You constrict the gnoll, but do no damage.
The gnoll hits you with a +0 whip. x2
You tentacle-slap the gnoll but do no damage.
The gnoll is moderately wounded.
You constrict the gnoll, but do no damage.
The gnoll hits you with a +0 whip. The gnoll hits you with a +0 whip!
* * * LOW HITPOINT WARNING * * *
You tentacle-slap the gnoll.
You tentacle-slap the gnoll, but do no damage.
The gnoll is severely wounded.
You constrict the gnoll, but do no damage.
The gnoll hits you with a +0 whip.
* * * LOW HITPOINT WARNING * * *
The gnoll hits you with a +0 whip.
You die...

#.. #.#### #.# #.#.. ...
#.#.# #.# #########.#.#
#.### #.^.>...)...# #.#..
########.#######.#.## #....
..........######....###.#.#
##...@g......#........
#..g#######...###.#.#
##......# ##.## #....
######.# #.# #.#.# #.#
#.#.# #.# #.#.# ##.## #.#.#
###...###.#.# #......##.#.#


You could see 2 gnolls.

Vanquished Creatures
  A scorpion (D:4)
  A hound (D:4)
  2 orc priests (D:4)
  Natasha (thrice) (D:4)
  2 adders
  4 gnolls (D:4)
  4 dart slugs
  4 orcs (D:4)
  10 ball pythons
  7 endoplasms
  5 giant cockroaches
  5 goblins
  6 hobgoblins
  9 kobolds
  5 quokkas
  6 bats
  2 frilled lizards
  3 rats
79 creatures vanquished.

Notes
Turn   | Place    | Note
-------+----------+-------------------------------------------
     0 | D:1      | nicolae the Octopode Transmuter began the quest for the
                  | Orb.
     0 | D:1      | Reached XP level 1. HP: 13/13 MP: 3/3
   107 | D:1      | Reached XP level 2. HP: 14/18 MP: 3/5
   110 | D:1      | Learned a level 2 spell: Wereblood
   789 | D:1      | Reached XP level 3. HP: 19/23 MP: 4/6
  1208 | D:1      | Learned a level 3 spell: Spider Form
  2510 | D:2      | Reached XP level 4. HP: 16/28 MP: 5/7
  3213 | D:3      | Found a faded altar of an unknown god.
  3231 | D:3      | Identified the +7 mace of the Valley {vorpal, rElec rPois
                  | Int+3 Dex-3}
  3658 | D:4      | Reached skill level 5 in Transmutations
  3658 | D:4      | Reached XP level 5. HP: 13/33 MP: 5/8
  3678 | D:4      | Found a transporter.
  3878 | D:4      | Noticed Natasha
  3889 | D:4      | Killed Natasha
  3903 | D:4      | Reached XP level 6. HP: 22/38 MP: 9/9
  4203 | D:4      | Noticed Natasha
  4213 | D:4      | Killed Natasha
  4218 | D:4      | Noticed purpskrrrp's ghost (amateur DEWn)
  4317 | D:4      | Reached skill level 5 in Poison Magic
  4338 | D:4      | Noticed Natasha
  4344 | D:4      | Killed Natasha
  4406 | D:4      | Found a transporter.
  4465 | D:4      | Noticed Edmund
  4577 | D:4      | Slain by a gnoll

Illustrated notes

Levels and vault maps discovered:
D:1:      nicolae_arrival_memento_mori, layout_rooms, minmay_tripent
D:2:      layout_basic, serial_glass, glass_columns_a, glass_columns_b
D:3:      layout_rooms, shapermc_ecumenical_altar_mp_highgroup,
          chequers_serial_rivers_marsh, amcnicky_mini_rare_corridor_liquid
D:4:      layout_loops_ring, gammafunk_ghost_arena, uniq_natasha, uniq_edmund

Skill      XL: |  1  2  3  4  5  6 |
---------------+-------------------+-----
Transmutations | 3 4 5 |  5.0
Poison Magic   | 4 5 |  5.0
Fighting       | |  1.0
Dodging        | |  2.0
Unarmed Combat | |  3.5
Spellcasting   | |  2.0

Action                   |  1- 3 |  4- 6 || total
-------------------------+-------+-------++-------
Melee: Unarmed           |   114 |    97 ||   211
       Kick              |    24 |    35 ||    59
       Constrict         |    27 |    27 ||    54
       Tentacles         |    18 |    21 ||    39
       Punch             |     3 |     2 ||     5
 Cast: Beastly Appendage |    23 |    18 ||    41
       Wereblood         |       |     3 ||     3
  Use: Scroll            |       |     4 ||     4
       Potion            |       |     4 ||     4
 Stab: Sleeping          |     5 |     3 ||     8
Armor: Skin              |    11 |     6 ||    17
Dodge: Dodged            |    69 |    52 ||   121

Table legend: (Time is in decaauts)
 A = Elapsed time spent in this place.
 B = Non-inter-level travel time spent in this place.
 C = Inter-level travel time spent in this place.
 D = Time resting spent in this place.
 E = Time spent auto-exploring this place.
 F = Levels seen in this place.
 G = Mean time per level.
                   A        B        C        D        E       F      G
               +--------+--------+--------+--------+--------+-----+--------+
         Total |   4564 |   4531 |     33 |   1548 |   2274 |   4 | 1141.0 |
       Dungeon |   4564 |   4531 |     33 |   1548 |   2274 |   4 | 1141.0 |
               +--------+--------+--------+--------+--------+-----+--------+

Top non-repeatable levels by time:
     D:2: 1781 daAuts
     D:1: 1216 daAuts
     D:4: 1086 daAuts
     D:3: 479 daAuts
